[Event "45th FIDE Olympiad 2024"]
[Site "Budapest"]
[Date "2024.09.14"]
[Round "4.14"]
[White "Sargsyan, Shant"]
[Black "Wei, Yi"]
[Result "1/2-1/2"]
[ECO "E05"]
[WhiteElo "2649"]
[BlackElo "2762"]
[Annotator "TA"]
[PlyCount "71"]
[EventDate "2024.09.05"]
[EventType "team-tourn"]
[EventCountry "HUN"]
[SourceTitle "playchess.com"]
[Source "ChessBase"]
[SourceQuality "1"]
[WhiteTeam "Armenia"]
[BlackTeam "China"]
[WhiteTeamCountry "ARM"]
[BlackTeamCountry "CHN"]
[TimeControl "40/5400+30:1800+30"]

1. d4 Nf6 2. c4 e6 3. Nf3 d5 4. g3 Be7 5. Bg2 O-O 6. O-O dxc4 7. Qc2 a6 8. a4 Bd7 9. Qxc4 Bc6 10. Bg5 Nbd7 11. Nc3 h6 {[%emt 0:00:23] The position is equal.} 12. Bxf6 Nxf6 13. a5 Bd5 {[%emt 0:06:24] This pair of bishops is nice.} 14. Qd3 Bxf3 15. Bxf3 c6 16. Qc4 {[%emt 0:00:03] Repels Bb4} Bd6 17. Rfd1 Qe7 18. e3 Rfd8 19. Na4 Rab8 20. Qb3 e5 21. Nc3 exd4 22. exd4 Qc7 23. Qc4 Rd7 24. b4 Rbd8 25. Kg2 Bf8 26. d5 cxd5 27. Qxc7 Rxc7 28. Nxd5 Nxd5 29. Rxd5 Rxd5 30. Bxd5 Bxb4 $11 {[%emt 0:01:55][%mdl 4096] Endgame. KRB-KRB} 31. Rb1 Rd7 32. Bf3 Bxa5 33. Bxb7 Rd6 34. Ra1 Bc3 35. Rxa6 Rxa6 36. Bxa6 {[%emt 0:00:05] An uneventful encounter.   Weighted Error Value: White=0.02 (flawless) /Black=0.01 (flawless) .  OK:         	White=10    	Black=11     Best:        	White=1     	---} 1/2-1/2

[Event "45th FIDE Olympiad 2024"]
[Site "Budapest"]
[Date "2024.09.14"]
[Round "4.14"]
[White "Kyaw Zay Ya"]
[Black "Zilleruelo Irizarry, Diego"]
[Result "1/2-1/2"]
[ECO "B15"]
[WhiteElo "1818"]
[BlackElo "2041"]
[PlyCount "91"]
[EventDate "2024.09.05"]
[EventType "team-tourn"]
[EventCountry "HUN"]
[WhiteTeam "Myanmar"]
[BlackTeam "Puerto Rico"]
[WhiteTeamCountry "MYA"]
[BlackTeamCountry "PUR"]
[TimeControl "40/5400+30:1800+30"]

1. e4 c6 2. d4 d5 3. Nc3 dxe4 4. Nxe4 Nf6 5. Nxf6+ exf6 6. Nf3 Bd6 7. Bd3 O-O 8. Be3 Nd7 9. Qd2 Re8 10. O-O-O b5 11. d5 c5 12. Bxb5 Rb8 13. c4 Re7 14. Rhe1 a6 15. Bc6 Nb6 16. b3 Bf5 17. Qa5 Qf8 18. Nd2 g5 19. f3 Nd7 20. Bxd7 Rxd7 21. Bg1 Qc8 22. Ne4 Bxe4 23. Rxe4 f5 24. Re2 Qf8 25. Rde1 g4 26. Qc3 Qh6+ 27. Kc2 Rdd8 28. g3 Qg6 29. f4 Bf8 30. Qd3 Qb6 31. Be3 a5 32. Rb1 a4 33. b4 Re8 34. b5 Re4 35. Bf2 Rbe8 36. Rbe1 Qf6 37. Rxe4 fxe4 38. Rxe4 Rxe4 39. Qxe4 Qa1 40. Qe5 Qxa2+ 41. Kd1 Qxf2 42. Qg5+ Bg7 43. Qd8+ Bf8 44. Qg5+ Bg7 45. Qd8+ Bf8 46. Qg5+ 1/2-1/2

[Event "45th FIDE Olympiad 2024"]
[Site "Budapest"]
[Date "2024.09.14"]
[Round "4.15"]
[White "Yu, Yangyi"]
[Black "Sargissian, Gabriel"]
[Result "1-0"]
[ECO "D35"]
[WhiteElo "2703"]
[BlackElo "2646"]
[Annotator "TA"]
[PlyCount "103"]
[EventDate "2024.09.05"]
[EventType "team-tourn"]
[EventCountry "HUN"]
[SourceTitle "playchess.com"]
[Source "ChessBase"]
[SourceQuality "1"]
[WhiteTeam "China"]
[BlackTeam "Armenia"]
[WhiteTeamCountry "CHN"]
[BlackTeamCountry "ARM"]
[TimeControl "40/5400+30:1800+30"]

1. c4 e6 2. Nc3 d5 3. d4 Nf6 4. cxd5 exd5 5. Bg5 c6 6. e3 h6 7. Bh4 Be7 8. Bd3 O-O 9. Bg3 {[%emt 0:00:49] D35: Queen's Gambit Declined: Exchange Variation.} Re8 10. h3 c5 11. Nge2 $1 $146 {[%emt 0:02:58][%mdl 8] A top novelty.} ({Predecessor:} 11. Nf3 a6 12. O-O c4 13. Bb1 b5 14. a3 Bb7 15. Ne5 Nbd7 16. f4 Ne4 17. Bxe4 dxe4 {0-1 Keymer,V (2721)-Le,Q (2731) Biel GM1 Blitz 57th 2024 (2)}) 11... Nc6 12. O-O a6 13. dxc5 Bxc5 14. Bh4 g5 15. Bg3 d4 16. exd4 Nxd4 17. Nxd4 Bxd4 18. Qd2 Bxc3 (18... Bd7 $5) 19. Qxc3 Nd5 20. Qb3 Be6 21. Qxb7 Nf4 (21... Re7 $11 22. Qc6 Nb4 23. Bh7+ Kxh7 24. Qe4+ f5 25. Qxb4 f4) 22. Bxf4 Qxd3 23. Bg3 Bd5 24. Qb4 Qe4 25. Qxe4 Rxe4 26. Rfd1 Be6 27. Rd2 a5 28. f3 Rc4 29. Be5 Rcc8 30. a4 Rc5 31. Bc3 Kh7 32. Rd6 Kg6 33. Kf2 h5 34. g4 hxg4 (34... Rc4 $142) 35. hxg4 $16 Rd5 36. Rb6 Rc5 37. Re1 Rd5 38. Re4 Kh7 39. Kg3 Kg6 40. Rc4 Rad8 41. Rcc6 Ra8 (41... Kh7 $16 42. Rb7 R8d6 43. Rxd6 Rxd6) 42. Kf2 Kh7 43. Rc7 Kg6 44. Ke3 Rd1 45. Rc5 Ra1 (45... Rdd8 {was called for.} 46. Rbb5 (46. Rxa5 Rxa5 47. Bxa5 Ra8 $16) 46... f6 47. Rxa5 Rxa5 48. Rxa5 (48. Bxa5 Ra8 $16) 48... Re8) 46. Re5 $18 (46. Rxa5 Rxa5 47. Bxa5 Rxa4 $16) 46... Kh6 47. Rbb5 (47. Bxa5 Rxa4 48. b4 Ra3+ 49. Kf2 Rc8 $11) 47... Bd7 48. Rbd5 (48. Rxa5 Rxa5 49. Rxa5 Rxa4 $16) 48... Re8 $2 (48... Be6 49. Rc5 (49. Rxa5 Rxa4 50. Rxg5 R8xa5 $18) 49... Rg8 50. Rxa5 Rd1) 49. Rxd7 $18 Rxe5+ 50. Bxe5 Re1+ 51. Kd2 Rxe5 52. Rxf7 1-0

[Event "45th FIDE Olympiad 2024"]
[Site "Budapest"]
[Date "2024.09.14"]
[Round "4.15"]
[White "Boggiano Pereira, Miguel A."]
[Black "Zaw Ye Htut"]
[Result "1/2-1/2"]
[ECO "A95"]
[WhiteElo "2015"]
[BlackElo "1815"]
[PlyCount "85"]
[EventDate "2024.09.05"]
[EventType "team-tourn"]
[EventCountry "HUN"]
[WhiteTeam "Puerto Rico"]
[BlackTeam "Myanmar"]
[WhiteTeamCountry "PUR"]
[BlackTeamCountry "MYA"]
[TimeControl "40/5400+30:1800+30"]

1. d4 d5 2. c4 e6 3. Nf3 c6 4. Qc2 f5 5. g3 Nf6 6. Bg2 Be7 7. O-O O-O 8. b3 Ne4 9. Nc3 Nd7 10. Nd2 Bd6 11. e3 Qe7 12. Ne2 b6 13. f3 Nxd2 14. Bxd2 Nf6 15. e4 e5 16. Rae1 exd4 17. exd5 Qc7 18. dxc6 Rd8 19. Nf4 Qxc6 20. Nd3 Bb7 21. Bg5 Rf8 22. Nf4 Bxf4 23. Bxf4 Nh5 24. Be5 Rad8 25. f4 Qd7 26. Bxb7 Qxb7 27. Rd1 Rd7 28. Rxd4 Rxd4 29. Bxd4 Qd7 30. Be5 Rd8 31. Qe2 Nf6 32. Bxf6 gxf6 33. Re1 Kf7 34. Qh5+ Kg7 35. Re3 Qd4 36. Qe2 Qa1+ 37. Kg2 Qc1 38. Rd3 Rxd3 39. Qxd3 Qb2+ 40. Kh3 Qxa2 41. Qd7+ Kg6 42. Qe8+ Kg7 43. Qe7+ 1/2-1/2

[Event "45th FIDE Olympiad 2024"]
[Site "Budapest"]
[Date "2024.09.14"]
[Round "4.16"]
[White "Grigoryan, Karen H."]
[Black "Bu, Xiangzhi"]
[Result "1/2-1/2"]
[ECO "D17"]
[WhiteElo "2569"]
[BlackElo "2693"]
[Annotator "TA"]
[PlyCount "85"]
[EventDate "2024.09.05"]
[EventType "team-tourn"]
[EventCountry "HUN"]
[SourceTitle "playchess.com"]
[Source "ChessBase"]
[SourceQuality "1"]
[WhiteTeam "Armenia"]
[BlackTeam "China"]
[WhiteTeamCountry "ARM"]
[BlackTeamCountry "CHN"]
[TimeControl "40/5400+30:1800+30"]

1. c4 c6 2. d4 d5 3. Nf3 Nf6 4. Nc3 dxc4 5. a4 Bf5 6. Ne5 e6 7. f3 c5 (7... Bb4 $5) 8. dxc5 ({Reject} 8. Nxc4 cxd4 9. e4 Bg6 $17) 8... Nfd7 9. Nxd7 (9. e4 {is more complex.} Nxe5 10. Qxd8+ Kxd8 11. Bf4) 9... Nxd7 10. e4 Bg6 11. Be3 Bxc5 12. Bxc5 Nxc5 13. Bxc4 Qxd1+ 14. Nxd1 Ke7 15. Ne3 Rhd8 16. Ke2 a5 17. Rhb1 f6 18. b4 axb4 19. Rxb4 Be8 20. a5 Rd4 {[%emt 0:15:53][%cal Ob7b5] ...b5! would now be deadly.} 21. Nc2 Rd6 22. Ra2 g6 23. Ke3 Rad8 24. Be2 e5 25. Na3 Rd4 26. Nc4 Bc6 27. Rb6 Nd7 28. Rbb2 Nc5 29. Ra3 Ra8 ({Black should try} 29... Kf8 $14) 30. Nb6 $1 $18 Rad8 {[%emt 0:00:03] [#]} 31. Rc2 (31. Rc3 $1 $18 Kd6 32. Bb5) 31... Nd7 $14 32. Nxd7 R4xd7 33. a6 {[%emt 0:00:48] aiming for axb7.} Ra8 34. Ra5 Rd6 {[%emt 0:00:42] [#]} (34... g5 $14) 35. Bb5 $1 $16 Kd8 ({Don't go for} 35... Bxb5 $2 36. axb7 Rb8 (36... Rd3+ $2 37. Kf2 $18) 37. Rxb5 $18) 36. Bxc6 (36. h4 $16) 36... bxc6 {[%emt 0:00:04][%mdl 4096] Endgame. KRR-KRR} 37. a7 Kc7 (37... Rd7 $1 $11 {remains equal.}) 38. Ra1 Rd7 39. g3 (39. h4 $16) 39... Kd6 $2 ({Black should play} 39... Kd8 $14) 40. Rd2+ $18 Ke7 41. Rda2 (41. Rxd7+ $18 Kxd7 42. f4) 41... c5 $11 42. f4 exf4+ 43. gxf4 {[%emt 0:00:00] Weighted Error Value: White=0.18 (very precise) /Black=0.24 (precise) .  Loses game:     	---       	Black=1      Missed win:     	White=1     	---        Mistake:       	White=3     	Black=3      OK:         	White=13    	Black=17     Best:        	White=1     	---        Strong:       	White=2     	---} 1/2-1/2

[Event "45th FIDE Olympiad 2024"]
[Site "Budapest"]
[Date "2024.09.14"]
[Round "4.16"]
[White "Linn Phone Myat"]
[Black "Mejias Nunez, Rafael E."]
[Result "1/2-1/2"]
[ECO "C55"]
[WhiteElo "1763"]
[BlackElo "2026"]
[PlyCount "113"]
[EventDate "2024.09.05"]
[EventType "team-tourn"]
[EventCountry "HUN"]
[WhiteTeam "Myanmar"]
[BlackTeam "Puerto Rico"]
[WhiteTeamCountry "MYA"]
[BlackTeamCountry "PUR"]
[TimeControl "40/5400+30:1800+30"]

1. e4 e5 2. Nf3 Nf6 3. Bc4 Nxe4 4. Nc3 Nc6 5. O-O Nd6 6. Bd5 Be7 7. Re1 e4 8. Nxe4 Nxe4 9. Rxe4 O-O 10. d3 Nb4 11. Bb3 d5 12. Re1 Bg4 13. h3 Bxf3 14. Qxf3 c6 15. c3 Na6 16. d4 Bd6 17. Bd2 Nc7 18. Bc2 Re8 19. Qf5 g6 20. Qg4 Rxe1+ 21. Rxe1 Qf8 22. h4 Re8 23. Rxe8 Nxe8 24. Bg5 f5 25. Qe2 Ng7 26. c4 Qe8 27. Qxe8+ Nxe8 28. cxd5 cxd5 29. Bb3 Nc7 30. Bd8 Kg7 31. Bxc7 Bxc7 32. g3 Bb6 33. Bxd5 Bxd4 34. Bxb7 Bxb2 35. f4 Kf6 36. Bd5 h6 37. Kg2 g5 38. hxg5+ hxg5 39. fxg5+ Kxg5 40. Kf3 Be5 41. Be6 Kf6 42. Bc8 Kg5 43. Bd7 Kf6 44. Bc8 Bd6 45. g4 fxg4+ 46. Kxg4 Ke5 47. Kf3 Kd4 48. Be6 a5 49. a4 Kc3 50. Bd7 Kb4 51. Ke4 Bf8 52. Kd5 Bg7 53. Bb5 Bf8 54. Be8 Bg7 55. Bb5 Bf8 56. Be8 Bg7 57. Bb5 1/2-1/2

[Event "45th FIDE Olympiad 2024"]
[Site "Budapest"]
[Date "2024.09.14"]
[Round "4.17"]
[White "Le, Quang Liem"]
[Black "Abdusattorov, Nodirbek"]
[Result "1/2-1/2"]
[ECO "A33"]
[WhiteElo "2741"]
[BlackElo "2766"]
[Annotator "TA"]
[PlyCount "125"]
[EventDate "2024.09.05"]
[EventType "team-tourn"]
[EventCountry "HUN"]
[SourceTitle "playchess.com"]
[Source "ChessBase"]
[SourceQuality "1"]
[WhiteTeam "Vietnam"]
[BlackTeam "Uzbekistan"]
[WhiteTeamCountry "VIE"]
[BlackTeamCountry "UZB"]
[TimeControl "40/5400+30:1800+30"]

1. c4 c5 2. Nf3 Nf6 3. Nc3 Nc6 4. d4 cxd4 5. Nxd4 e6 6. a3 d5 7. cxd5 exd5 8. Bg5 Bc5 {[%emt 0:00:08] A33: Symmetrical English: 2 Nf3 Nf6 3 d4 cxd4 4 Nxd4 e6 5 Nc3 Nc6.} 9. e3 O-O 10. Be2 Nxd4 11. exd4 Bb6 12. O-O Qd6 $146 ({Predecessor:} 12... h6 13. Bh4 g5 14. Bg3 Ne4 15. Nxe4 dxe4 16. d5 Qf6 17. Qb3 Rd8 18. a4 Bc5 {½-½ Fister,B (2148)-Zordick,M (2187) EU-ch 2017 pr05 email}) 13. Bf3 h6 14. Bxf6 Qxf6 15. Nxd5 Qxd4 16. Qe2 Bd8 17. Rfd1 Qa4 18. Rac1 Be6 19. Nc3 Qb3 20. Bd5 Bxd5 21. Nxd5 Bg5 22. Rc3 Qa4 23. Rc4 Qa5 24. h4 Rae8 25. Qd3 Bd8 26. Rb4 Re6 27. g3 Bb6 28. Kg2 Qc5 29. Nxb6 Rxb6 30. Rc4 Qb5 31. b4 a5 32. Qd5 axb4 33. Rxb4 Qxd5+ 34. Rxd5 Ra6 35. a4 Rfa8 36. Rdd4 h5 37. Kf3 Rf6+ 38. Rf4 Rxf4+ 39. Kxf4 Ra5 40. Ke4 Kh7 41. Kd4 b6 42. Kc3 Rc5+ 43. Rc4 Rf5 44. Rf4 Rxf4 45. gxf4 g6 46. Kc4 f6 47. Kd5 (47. Kb5 g5 48. fxg5 fxg5 49. hxg5 $19) 47... Kg7 48. Ke4 Kf7 49. Kd5 Ke7 50. Ke4 (50. Kc6 g5 51. hxg5 fxg5 52. Kxb6 h4 53. fxg5 h3 54. g6 h2 55. g7 Kf7 56. f4 h1=Q (56... h1=R 57. a5 $11) 57. Kc5 Qc1+ (57... Kxg7 58. a5 Kf6 59. Kd6 Qa8 60. Kc5 Qxa5+ 61. Kd4 Kf5 62. Kc4 Kxf4 63. Kb3 Ke3 64. Kc4 Ke4 65. Kb3 Kd3 66. Kb2 Qb4+ 67. Ka2 Kc3 68. Ka1 Qb2#) 58. Kb6 Qxf4 59. Kb5 Kxg7 60. a5 Qc7 61. Kb4 Kf6 (61... Qc6 62. a6 Qxa6 63. Kc3 Kf6 64. Kc2 Kf5 65. Kd2 Ke4 66. Kc3 Qb5 67. Kc2 Qb4 68. Kd1 Kd3 69. Kc1 Qb8 70. Kd1 Qb1#) 62. a6 Ke5 (62... Qb6+ 63. Kc3 Ke5 64. Kd3 Qxa6+ 65. Kc3 Kd5 66. Kc2 Kd4 67. Kb3 Qa1 68. Kb4 Qb2+ 69. Ka5 Kc5 70. Ka6 Qb6#) 63. a7 Qxa7 64. Kc3 Qd4+ 65. Kb3 Kd5 66. Ka3 Kc4 67. Ka2 Qd2+ 68. Ka3 Qh2 69. Ka4 Qa2#) 50... Ke8 51. Kd5 Kf7 52. Ke4 (52. Kc6 g5 53. hxg5 fxg5 54. fxg5 h4 55. Kxb6 Kg6 (55... h3 56. a5 h2 57. f4 Kg6 58. Kc7 h1=Q 59. Kb6 Kf5 60. g6 Qg1+ 61. Kc6 Kxf4 62. g7 Ke5 63. Kb5 Qxg7 64. Kc6 Qg6+ 65. Kc5 Qc2+ 66. Kb5 Kd6 67. Kb4 Kd5 68. a6 Qb2+ 69. Ka5 Kc4 70. a7 Qb5#) 56. f3 h3 57. f4 h2 58. Kc5 h1=Q (58... h1=R 59. a5 $11) 59. a5 Qb7 60. Kd4 Qb4+ 61. Ke3 Kf5 (61... Qxa5 62. Ke4 Qf5+ 63. Kd4 Qxf4+ 64. Kc3 Kxg5 65. Kb3 Qd4 66. Kc2 Qb4 67. Kd3 Kf4 68. Ke2 Qd4 69. Kf1 Qb2 70. Kg1 Kg3 71. Kh1 Qh2#) 62. Kd3 Qxa5 (62... Qxf4 63. a6 Qd6+ 64. Ke3 Qxa6 65. Kd4 Kxg5 66. Kc3 Kf4 67. Kb4 Qc6 68. Kb3 Ke3 69. Kb4 Kd3 70. Ka5 Qb7 71. Ka4 Kc4 72. Ka5 Qb5#) 63. Kd4 Qd8+ (63... Kxf4 64. g6 Qb6+ 65. Kd5 Qxg6 66. Kc4 Ke4 67. Kc5 Qa6 68. Kb4 Kd4 69. Kb3 Kd3 70. Kb4 Qb6+ 71. Ka3 Kc3 72. Ka4 Qb4#) 64. Ke3 Qd5 65. g6 Kxg6 (65... Qe4+ 66. Kd2 Kxg6 67. Kc3 Kf5 68. Kb3 Qc6 69. Kb2 Ke4 70. Kb3 Kd3 71. Kb4 Qb6+ 72. Ka3 Kc3 73. f5 Qb3#) 66. Ke2 Kf5 (66... Qe4+ 67. Kd2 Kf5 68. Kc3 Kxf4 69. Kb2 Qb4+ 70. Kc1 Ke4 71. Kc2 Ke3 72. Kc1 Kd3 73. Kd1 Qd2#) 67. Kf2 Kxf4 68. Ke2 Qd7 69. Kf1 Qd2 70. Kg1 Kg3 71. Kh1 Qh2#) 52... Kf8 (52... Ke6 53. f5+ gxf5+ 54. Kf4 Kd5 55. Kxf5 Kd4 56. Kg6 (56. Kxf6 Ke4 $18) 56... Kc4 57. Kxh5 (57. Kxf6 Kb4 58. Kg5 Kxa4 59. f4 b5 60. f5 b4 61. f6 b3)) 53. Kd5 Kg7 54. Ke4 Kh6 55. Kf3 g5 56. fxg5+ fxg5 57. hxg5+ Kxg5 58. Kg3 Kf5 59. Kh4 Kg6 60. Kh3 Kf5 61. Kh4 Kg6 62. Kh3 Kf5 (62... Kg5 $5) 63. Kh4 1/2-1/2

[Event "45th FIDE Olympiad 2024"]
[Site "Budapest"]
[Date "2024.09.14"]
[Round "4.17"]
[White "Al-Hajiri, Bader"]
[Black "Oatlhotse, Providence"]
[Result "1-0"]
[ECO "B15"]
[WhiteElo "1947"]
[BlackElo "2239"]
[PlyCount "127"]
[EventDate "2024.09.05"]
[EventType "team-tourn"]
[EventCountry "HUN"]
[WhiteTeam "Kuwait"]
[BlackTeam "Botswana"]
[WhiteTeamCountry "KUW"]
[BlackTeamCountry "BOT"]
[TimeControl "40/5400+30:1800+30"]

1. e4 c6 2. d4 d5 3. Nc3 dxe4 4. Nxe4 Nf6 5. Nxf6+ exf6 6. c3 Bd6 7. Bd3 O-O 8. Qc2 Re8+ 9. Ne2 h5 10. O-O h4 11. h3 Nd7 12. Bd2 Nf8 13. Rae1 Be6 14. Kh1 Qd7 15. Ng1 c5 16. Be3 c4 17. Be2 Bc7 18. Bd2 b5 19. f4 Bf5 20. Qc1 Ng6 21. Bh5 Ne7 22. Bf3 Rad8 23. Be4 Bxe4 24. Rxe4 Nf5 25. Rxe8+ Rxe8 26. Re1 Ng3+ 27. Kh2 Ne4 28. Be3 g5 29. Ne2 Nf2 30. Bxf2 Rxe2 31. Rxe2 Bxf4+ 32. Qxf4 gxf4 33. Bxh4 Qd6 34. Kg1 b4 35. Be1 Kh7 36. Rf2 Qe7 37. Bd2 Qe4 38. Bxf4 Qb1+ 39. Kh2 Qxa2 40. Rd2 bxc3 41. bxc3 Qa5 42. d5 Qxc3 43. d6 Qa5 44. d7 Qd8 45. Kg1 c3 46. Rd5 c2 47. Kf1 a5 48. Bc1 a4 49. Ba3 Kg6 50. Ke2 f5 51. h4 Kf6 52. Kd2 Ke6 53. Rd6+ Ke5 54. Kxc2 Ke4 55. h5 Qb8 56. d8=Q Qb3+ 57. Kd2 Qe3+ 58. Kd1 Qb3+ 59. Ke2 Qe3+ 60. Kf1 Qf4+ 61. Kg1 Qe3+ 62. Kh1 Qxa3 63. Qe7+ Kf4 64. Rd4+ 1-0

[Event "45th FIDE Olympiad 2024"]
[Site "Budapest"]
[Date "2024.09.14"]
[Round "4.18"]
[White "Yakubboev, Nodirbek"]
[Black "Nguyen, Ngoc Truong Son"]
[Result "0-1"]
[ECO "D41"]
[WhiteElo "2666"]
[BlackElo "2633"]
[Annotator "RC"]
[PlyCount "106"]
[EventDate "2024.09.05"]
[EventType "team-tourn"]
[EventCountry "HUN"]
[SourceTitle "playchess.com"]
[Source "ChessBase"]
[SourceQuality "1"]
[WhiteTeam "Uzbekistan"]
[BlackTeam "Vietnam"]
[WhiteTeamCountry "UZB"]
[BlackTeamCountry "VIE"]
[TimeControl "40/5400+30:1800+30"]

1. d4 Nf6 2. c4 e6 3. Nf3 d5 4. Nc3 c5 5. cxd5 Nxd5 6. e4 Nxc3 7. bxc3 cxd4 8. cxd4 Bb4+ 9. Bd2 Bxd2+ 10. Qxd2 O-O 11. Rd1 Nd7 12. Bd3 b6 13. O-O Bb7 14. Qe3 Re8 15. e5 Bxf3 16. Qxf3 Rc8 17. Bb5 Re7 18. Qe4 Nf8 19. f4 g6 20. g4 Rec7 21. Ba6 Rb8 22. a4 Qh4 23. Qf3 Rd8 24. Rd2 Qe7 25. Rb1 Qd7 26. Ra1 Rc2 27. Bb5 Qc7 28. Rad1 Rc3 29. Qe4 Qe7 30. Rd3 Qh4 31. Qf3 Rxd3 32. Rxd3 Qe1+ 33. Kg2 Rc8 34. Qd1 Qe4+ 35. Kg3 h5 36. Qf3 Qe1+ 37. Qf2 h4+ 38. Kg2 Qc1 39. Re3 Rc2 40. Re2 Rc3 41. Re1 h3+ 42. Kg1 Qa3 43. Qd2 Qb3 44. Bf1 Rf3 45. f5 gxf5 46. gxf5 Rxf5 47. Bd3 Rf3 48. Qg5+ Ng6 49. Bxg6 fxg6 50. Qxg6+ Kf8 51. Qe4 Qd3 52. Qa8+ Kg7 53. Qxa7+ Kh6 0-1

[Event "45th FIDE Olympiad 2024"]
[Site "Budapest"]
[Date "2024.09.14"]
[Round "4.18"]
[White "Notha, Moakofi"]
[Black "Al Ibrahim, Abdulrahman"]
[Result "1-0"]
[ECO "C84"]
[WhiteElo "1996"]
[BlackElo "1932"]
[PlyCount "179"]
[EventDate "2024.09.05"]
[EventType "team-tourn"]
[EventCountry "HUN"]
[WhiteTeam "Botswana"]
[BlackTeam "Kuwait"]
[WhiteTeamCountry "BOT"]
[BlackTeamCountry "KUW"]
[TimeControl "40/5400+30:1800+30"]

1. e4 e5 2. Nf3 Nc6 3. Bb5 a6 4. Ba4 Nf6 5. d4 exd4 6. e5 Ne4 7. O-O Be7 8. Nxd4 Nxd4 9. Qxd4 Nc5 10. Nc3 O-O 11. Be3 Nxa4 12. Qxa4 d6 13. Rad1 Bd7 14. Qb3 dxe5 15. Qxb7 Qc8 16. Qxc8 Bxc8 17. Nd5 Bd8 18. c4 Rb8 19. b3 f5 20. Ba7 Ra8 21. Bc5 Re8 22. Rd2 Be6 23. Rfd1 a5 24. Re2 c6 25. Nc3 Bf6 26. Na4 Red8 27. Red2 Rxd2 28. Rxd2 Rd8 29. Rxd8+ Bxd8 30. f3 Kf7 31. Kf2 g5 32. Ke2 h5 33. h3 Kf6 34. Bd6 Bc8 35. Nc5 Bb6 36. Nd3 Bd4 37. Bc5 Bc3 38. Nf2 Ba6 39. g4 hxg4 40. hxg4 a4 41. gxf5 Kxf5 42. Ne4 Ba5 43. Nd6+ Kf4 44. Be3+ Kg3 45. Ne4+ Kh4 46. Bxg5+ Kh5 47. Bf6 axb3 48. axb3 Bc7 49. Be7 Bb6 50. Bc5 Bd8 51. Bd6 Kg6 52. Bxe5 Kf5 53. Bd6 Bc8 54. Ke3 Ke6 55. f4 Bd7 56. Be5 Be8 57. Nc5+ Kf5 58. Nb7 Be7 59. Kd4 Ke6 60. c5 Bg6 61. Na5 Kd7 62. b4 Bh4 63. Kc3 Be1+ 64. Kb3 Bf7+ 65. Ka4 Bg6 66. Nb7 Bd3 67. Ka5 Bh4 68. Nd6 Be1 69. f5 Bh4 70. f6 Ke6 71. Bc3 Bg3 72. Ne8 Kf7 73. Nd6+ Ke6 74. Nb7 Bc7+ 75. Ka4 Bg6 76. Na5 Kd5 77. Be1 Be5 78. Bh4 Bf7 79. Nb7 Bg6 80. Nd8 Bf4 81. f7 Bh6 82. Be7 Bc2+ 83. Ka5 Bg6 84. f8=Q Bxf8 85. Bxf8 Bd3 86. Kb6 Bb5 87. Bd6 Ba4 88. Bh2 Bb5 89. Nf7 Kc4 90. Nd6+ 1-0

[Event "45th FIDE Olympiad 2024"]
[Site "Budapest"]
[Date "2024.09.14"]
[Round "4.19"]
[White "Le, Tuan Minh"]
[Black "Sindarov, Javokhir"]
[Result "1-0"]
[ECO "E04"]
[WhiteElo "2564"]
[BlackElo "2677"]
[Annotator "TA"]
[PlyCount "65"]
[EventDate "2024.09.05"]
[EventType "team-tourn"]
[EventCountry "HUN"]
[SourceTitle "playchess.com"]
[Source "ChessBase"]
[SourceQuality "1"]
[WhiteTeam "Vietnam"]
[BlackTeam "Uzbekistan"]
[WhiteTeamCountry "VIE"]
[BlackTeamCountry "UZB"]
[TimeControl "40/5400+30:1800+30"]

1. d4 e6 2. Nf3 c5 3. g3 d5 4. Bg2 Nc6 5. O-O Nf6 6. c4 dxc4 7. dxc5 Qxd1 8. Rxd1 Bxc5 9. Nbd2 c3 10. bxc3 O-O 11. Nb3 Be7 12. c4 Bd7 13. Bb2 Rfd8 14. Nfd4 Rac8 15. Nb5 {[%emt 0:05:36][%cal Bd4b5,Bb5c3,Bc3d5][%mdl 32] White has an edge.} e5 16. Rac1 Ne8 17. h4 f6 18. Nc3 Bg4 19. Kf1 Rxd1+ 20. Rxd1 Be6 21. Nd5 Bf8 22. Rc1 Kf7 23. f4 b6 24. Ne3 (24. c5 $5 b5 25. fxe5 $11) 24... exf4 25. gxf4 Ne7 26. Nd4 Bd7 27. Ba3 Nc7 28. Rd1 Ba4 29. Rd3 g6 30. Bd6 Ne8 {[%emt 0:00:59] [#]} ({Black should try} 30... Ne6 $14) 31. Bxe7 $1 $18 Bxe7 (31... Kxe7 $142 32. Ra3 Bd7 33. Nd5+ (33. Rxa7 Nc7 $18) 33... Kd8 34. Rxa7 Bc5) 32. Bd5+ Kg7 $2 {[%emt 0:00:20] [#]} (32... Kf8 33. Ne6+ Kg8 34. Nc5+ Kh8) 33. Nef5+ $1 {[%emt 0:00:22][%mdl 512] Weighted Error Value: White=0.06 (flawless) /Black=0.37.  Mistake:       	---       	Black=3      Inaccurate:     	White=2     	Black=3      OK:         	White=7     	Black=7      Best:        	White=1     	---        Strong:       	White=1     	---        Brilliant:      	White=1     	---} 1-0

[Event "45th FIDE Olympiad 2024"]
[Site "Budapest"]
[Date "2024.09.14"]
[Round "4.19"]
[White "Alsaqer, Meshal"]
[Black "Monnaatsheko, Keletshabile"]
[Result "0-1"]
[ECO "E09"]
[WhiteElo "1815"]
[BlackElo "2064"]
[PlyCount "87"]
[EventDate "2024.09.05"]
[EventType "team-tourn"]
[EventCountry "HUN"]
[WhiteTeam "Kuwait"]
[BlackTeam "Botswana"]
[WhiteTeamCountry "KUW"]
[BlackTeamCountry "BOT"]
[TimeControl "40/5400+30:1800+30"]

1. d4 d5 2. Nf3 Nf6 3. c4 c6 4. Qc2 e6 5. Nbd2 Nbd7 6. g3 Be7 7. Bg2 b6 8. O-O Bb7 9. e4 dxe4 10. Nxe4 O-O 11. Rd1 Qc8 12. Ne5 c5 13. Nxd7 Nxd7 14. b3 cxd4 15. Rxd4 f5 16. Nd6 Bxd6 17. Bxb7 Qxb7 18. Rxd6 Ne5 19. f4 Nf3+ 20. Kf1 Rad8 21. Rxd8 Rxd8 22. Be3 Nd2+ 23. Kg1 Nf3+ 24. Kf1 Nd4 25. Bxd4 Rxd4 26. Qg2 Qxg2+ 27. Kxg2 Rd2+ 28. Kf3 Rxh2 29. a3 Rb2 30. b4 Rc2 31. Rd1 Rc3+ 32. Kf2 Rxa3 33. Rd7 Ra4 34. Ke3 Rxb4 35. Kd4 b5 36. Ke5 bxc4 37. Kxe6 Rb6+ 38. Ke7 h6 39. Rxa7 Rb3 40. Ke6 Rxg3 41. Rc7 c3 42. Kxf5 h5 43. Ke4 h4 44. Kd4 {0-} 0-1

[Event "45th FIDE Olympiad 2024"]
[Site "Budapest"]
[Date "2024.09.14"]
[Round "4.20"]
[White "Vakhidov, Jakhongir"]
[Black "Tran, Tuan Minh"]
[Result "1/2-1/2"]
[ECO "D37"]
[WhiteElo "2571"]
[BlackElo "2434"]
[Annotator "TA"]
[PlyCount "125"]
[EventDate "2024.09.05"]
[EventType "team-tourn"]
[EventCountry "HUN"]
[SourceTitle "playchess.com"]
[Source "ChessBase"]
[SourceQuality "1"]
[WhiteTeam "Uzbekistan"]
[BlackTeam "Vietnam"]
[WhiteTeamCountry "UZB"]
[BlackTeamCountry "VIE"]
[TimeControl "40/5400+30:1800+30"]

1. d4 Nf6 2. c4 e6 3. Nf3 d5 4. Nc3 Be7 5. Bf4 O-O 6. e3 a6 7. Rc1 b6 {[%emt 0:11:35] D37: Queen's Gambit Declined: 5 Bf4.} 8. Bd3 dxc4 9. Bxc4 Bb7 10. O-O b5 11. Bb3 c5 12. dxc5 Nbd7 13. Bd6 $146 ({Predecessor:} 13. c6 Bxc6 14. Ne2 Nc5 15. Ned4 Bb7 16. Bc2 Rc8 17. Qe2 Qb6 18. Rfd1 Rfd8 19. Bb1 Bd5 20. h3 Qb7 {½-½ Holzke,F (2521)-Babula,V (2585) Bundesliga 1213 2012 (12.5)}) 13... Nxc5 14. Bxc5 Bxc5 15. Qxd8 Rfxd8 16. Nxb5 Bxe3 17. fxe3 axb5 18. Nd4 b4 19. Rc7 Be4 20. h3 h5 21. Rf2 Rd6 22. Rc4 Rb8 23. Nc2 Rd1+ 24. Kh2 Bd5 25. Rd4 Rxd4 26. Nxd4 Ra8 27. Rc2 Bxb3 28. axb3 Ra1 29. Nf3 Nd5 30. e4 Ne3 31. Rc8+ Kh7 32. Kg3 Rb1 33. Kf2 Nd1+ (33... Rxb2+ 34. Kxe3 Rxb3+ 35. Kf2 $18) 34. Ke2 Nxb2 35. Rd8 f6 36. Rd4 e5 37. Rxb4 Rd1 38. Rb5 Rd3 39. Rb7 Rd8 40. Rc7 Nd3 41. g3 Nb4 42. Rc4 Na6 43. Rc6 Ra8 44. Kd2 Nb4 45. Rc4 Rd8+ 46. Kc3 Nd3 $1 47. b4 Nf2 48. b5 Rb8 49. Kb4 Nxh3 50. Ka5 Ra8+ 51. Kb4 Rb8 52. Kc5 g5 53. b6 h4 54. gxh4 g4 55. Ne1 Nf4 56. Rb4 g3 57. Rb2 ({Stronger than} 57. b7 g2 58. Nxg2 Nd3+ 59. Kb6 Nxb4 $17) 57... Kg6 $2 (57... g2 $1 $11 58. Rxg2 (58. Nxg2 Nd3+ 59. Kc6 Nxb2 $17) 58... Rc8+ 59. Kb5 Nxg2 60. Nxg2 Rc3) 58. Kd6 $18 Kh5 $2 (58... Rd8+ {is tougher.} 59. Ke7 Rg8) 59. Ke7 $2 (59. Kc7 $18 Rf8 60. b7) 59... g2 $11 60. Nxg2 Nxg2 61. Rxg2 Rxb6 62. Rh2 Rb4 63. Kxf6 1/2-1/2